 Dungeon Sprint DCSS version 0.29.1-2-gbd0b4ee654 (webtiles) character file.

Game seed: 9518981149720758538

15843 Zeld the Executioner (level 12, 0/124 HPs)
             Began as a Minotaur Berserker on Oct 28, 2022.
             Was the Champion of Trog.
             Killed by divine providence
             ... invoked by an orc high priest
              (13 damage)
             ... in the Dungeon (Sprint IX: "|||||||||||||||||||||||||||||").
             The game lasted 00:03:09 (2353 turns).

Zeld the Executioner (Minotaur Berserker)           Turns: 2353, Time: 00:03:10

Health: 0/124      AC: 20    Str: 29    XL:     12   Next: 4%
Magic:  11/11      EV: 16    Int:  4    God:    Trog [******]
Gold:   708        SH:  0    Dex: 11    Spells: 11/11 levels left

rFire   . . .      SeeInvis .   a - +2 battleaxe (flame)
rCold   . . .      Faith    .   (shield currently unavailable)
rNeg    . . .      Spirit   .   b - +1 chain mail
rPois   .          Reflect  .   x - +0 hat
rElec   .          Harm     .   l - +0 cloak
rCorr   .          Rampage  .   m - +0 pair of gloves
Will    .....      NoTele   +   w - +0 pair of boots
Stlth   ..........              (no amulet)
HPRegen 0.30/turn               k - +2 ring of evasion
MPRegen 0.12/turn               n - +3 ring of strength

@: on berserk cooldown, slowed, very slow
A: horns 2, retaliatory headbutt, deterioration 1
a: Renounce Religion, Berserk, Trog's Hand, Brothers in Arms


You were in the Dungeon.
You worshipped Trog.
Trog was exalted by your worship.
You visited 1 branch You collected 708 gold pieces.

Inventory:

Hand Weapons
 a - a +2 battleaxe of flaming (weapon)
 u - a +1 executioner's axe
Armour
 b - a +1 chain mail (worn)
 l - a +0 cloak (worn)
 m - a +0 pair of gloves (worn)
 w - a +0 pair of boots (worn)
 x - a +0 hat (worn)
Jewellery
 k - a +2 ring of evasion (left hand)
 n - a +3 ring of strength (right hand)
 p - a ring of flight
Wands
 j - a wand of roots (10)
 y - a wand of flame (9)
Scrolls
 h - a scroll of blinking
 q - a scroll of fog
 r - 2 scrolls of enchant armour
 s - 4 scrolls of enchant weapon
 t - a scroll of fear
 v - a scroll of magic mapping
Potions
 c - 6 potions of curing
 d - 7 potions of heal wounds
 e - a potion of haste
 f - 4 potions of magic
 g - a potion of berserk rage
 i - a potion of invisibility
 o - a potion of might


   Skills:
 + Level 16.9 Fighting
 * Level 22.8 Axes
 + Level 16.7 Armour
 + Level 15.4 Dodging


You had 11 spell levels left.
You didn't know any spells.
Your spell library was empty.

Dungeon Overview and Level Annotations

Branches:
Dungeon (1/1)

Altars:
Cheibriados
Dithmenos
Elyvilon
Fedhas
Gozag
Hepliaklqana
Kikubaaqudgha
Makhleb
Nemelex Xobeh
Okawaru
Qazlal
Ru
Sif Muna
Trog
Uskayaw
Vehumet
Wu Jian
Xom
Yredelemnul
Zin
The Shining One
Jiyva
Lugonu

Shops:
D (!=[


Innate Abilities, Weirdness & Mutations

You have a pair of horns on your head.
You reflexively headbutt those who attack you in melee.
Your body sometimes deteriorates upon taking damage.


Message History

The orc high priest shouts!
The orc high priest shouts, "You are a heretic and must be destroyed!"
The orc high priest prays to Beogh.
The orc priest casts a cantrip, but nothing happens.
The orc priest invokes the aid of Beogh against you.
Beogh smites you!
* * * LOW HITPOINT WARNING * * *
There is an entrance to Kietz's Weapon Emporium here.
Unknown command.
You slice the orc priest!! You burn the orc priest.
You kill the orc priest!
Trog accepts your kill.
The orc high priest invokes the aid of Beogh against you.
Beogh smites you!
* * * LOW HITPOINT WARNING * * *
You hear a shout!
You slice the orc high priest!! You burn the orc high priest.
You headbutt the orc high priest.
The orc high priest is heavily wounded.
The orc high priest says, "Your suffering will cleanse you of your heresy."
The orc high priest hits you with a +0 war axe!
* * * LOW HITPOINT WARNING * * *
Unknown command.
You hit the orc high priest but do no damage.
The orc high priest is heavily wounded.
The orc high priest hits you but does no damage.
Unknown command.
You slash the orc high priest! You burn the orc high priest.
The orc high priest is severely wounded.
The orc high priest barely misses you.
The orc high priest mumbles some strange prayers.
The orc high priest prays to Beogh.
Unknown command.
Blink to where?
Press: ? - help, Dir - move target
As you read the scroll of blinking, it crumbles to dust.
Your troll goes berserk!
The orc high priest invokes the aid of Beogh against you.
Beogh smites you!
You die...

▓)▓.▓†▓.▓_▓
▓$▓.▓†▓.▓_▓
▓$▓.▓.▓.▓_▓
▓.▓.▓†▓.▓_▓
▓.▓.▓)▓.▓_▓
▓.▓.▓.▓.▓_▓
▓.▓.▓.▓.▓_▓
▓.▓.▓.▓.▓_▓
▓@▓.▓.▓.▓_▓
▓)▓.▓.▓.▓_▓
▓T▓.▓'▓.▓'▓
▓$▓.▓†▓.▓.▓
▓)▓.▓†▓.▓?▓
▓)▓)▓.▓.▓)▓
▓o▓.▓.▓.▓)▓
▓3▓.▓.▓.▓.▓
▓)▓.▓.▓.▓.▓


You could see an orc high priest (ally target), a sixfirhy (summoned) and a
friendly troll (summoned, berserk).

Vanquished Creatures
  Gastronok (D)
  2 hydras (D)
  A catoblepas (D)
  A death yak (D)
  3 orc high priests (D)
  2 orc knights (D)
  A deep elf pyromancer (D)
  A moth of wrath (shapeshifter) (D)
  A black mamba (D)
  6 cane toads (D)
  Psyche (D)
  A komodo dragon (D)
  2 tyrant leeches (D)
  2 trolls (D)
  A blink frog (D)
  A shadow (D)
  4 yaks (D)
  A wyvern (D)
  2 vampire mosquitoes (D)
  2 water moccasins (D)
  6 orc warriors (D)
  2 wolves (D)
  A centaur (D)
  A bullfrog (D)
  10 orc priests (D)
  3 iguanas (D)
  6 orc wizards (D)
  An adder (D)
  A white imp (D)
  3 orcs (D)
  A hobgoblin (D)
  A jackal (D)
  A quokka (D)
  A frilled lizard (D)
  A kobold (D)
75 creatures vanquished.

Vanquished Creatures (collateral kills)
  2 orc knights (D)
  An orc sorcerer (D)
  A cyclops (D)
  A manticore (D)
  Maurice (D)
  A gargoyle (D)
  2 orc warriors (D)
9 creatures vanquished.

Grand Total: 84 creatures vanquished

Notes
Turn   | Place    | Note
-------+----------+-------------------------------------------
     0 | D        | Zeld the Minotaur Berserker began the quest for the Orb.
     0 | D        | Reached XP level 1. HP: 19/19 MP: 0/0
     1 | D        | Banished a spatial maelstrom
     4 | D        | Reached skill level 4 in Axes
     7 | D        | Reached ** piety under Trog
    69 | D        | Noticed an iguana
    69 | D        | Noticed an iguana
    69 | D        | Noticed an iguana
    74 | D        | Killed an iguana
    75 | D        | Reached skill level 5 in Axes
    75 | D        | Reached XP level 2. HP: 22/28 MP: 1/1
    75 | D        | Reached XP level 3. HP: 27/35 MP: 2/2
    75 | D        | Reached *** piety under Trog
    76 | D        | Reached skill level 5 in Fighting
    76 | D        | Reached skill level 6 in Axes
    81 | D        | Reached skill level 7 in Axes
    81 | D        | Reached XP level 4. HP: 25/42 MP: 3/3
    87 | D        | Reached skill level 5 in Armour
   230 | D        | Found a snail-covered altar of Cheibriados.
   230 | D        | Found a shadowy altar of Dithmenos.
   230 | D        | Found a white marble altar of Elyvilon.
   230 | D        | Found a blossoming altar of Fedhas.
   230 | D        | Found an opulent altar of Gozag.
   231 | D        | Found a hazy altar of Hepliaklqana.
   232 | D        | Found a viscous altar of Jiyva.
   233 | D        | Found an ancient bone altar of Kikubaaqudgha.
   234 | D        | Found a corrupted altar of Lugonu.
   235 | D        | Found a burning altar of Makhleb.
   236 | D        | Found a sparkling altar of Nemelex Xobeh.
   237 | D        | Found an iron altar of Okawaru.
   238 | D        | Found a stormy altar of Qazlal.
   239 | D        | Found a sacrificial altar of Ru.
   240 | D        | Found a shimmering blue altar of Sif Muna.
   241 | D        | Found a bloodstained altar of Trog.
   242 | D        | Found a hide-covered altar of Uskayaw.
   243 | D        | Found a radiant altar of Vehumet.
   278 | D        | Found an ornate altar of the Wu Jian Council.
   279 | D        | Found a shimmering altar of Xom.
   280 | D        | Found a basalt altar of Yredelemnul.
   366 | D        | Found a glowing silver altar of Zin.
   367 | D        | Found a glowing golden altar of the Shining One.
   454 | D        | Noticed an orc warrior
   454 | D        | Noticed a centaur
   454 | D        | Noticed a troll
   454 | D        | Noticed a yak
   454 | D        | Noticed a shadow
   454 | D        | Noticed a troll
   457 | D        | Killed an orc warrior
   457 | D        | Reached **** piety under Trog
   458 | D        | Reached skill level 9 in Axes
   458 | D        | Reached skill level 5 in Dodging
   458 | D        | Reached XP level 5. HP: 52/52 MP: 4/4
   459 | D        | Killed a centaur
   460 | D        | Reached skill level 10 in Axes
   460 | D        | Reached XP level 6. HP: 60/60 MP: 5/5
   464 | D        | Killed a troll
   465 | D        | Reached skill level 11 in Axes
   468 | D        | Killed a yak
   469 | D        | Reached skill level 12 in Axes
   469 | D        | Reached XP level 7. HP: 69/70 MP: 6/6
   471 | D        | Killed a shadow
   472 | D        | Reached skill level 13 in Axes
   476 | D        | Killed a troll
   476 | D        | Reached ***** piety under Trog
   477 | D        | Reached skill level 10 in Fighting
   758 | D        | Noticed a jumping spider
   758 | D        | Noticed a gargoyle
   758 | D        | Noticed a deep elf pyromancer
   758 | D        | Noticed a cyclops
   758 | D        | Noticed a manticore
   760 | D        | Noticed a moth of wrath
   760 | D        | a jumping spider changed into a moth of wrath
   765 | D        | Killed a moth of wrath
   766 | D        | Reached skill level 14 in Axes
   766 | D        | Reached skill level 10 in Armour
   766 | D        | Reached XP level 8. HP: 81/81 MP: 7/7
   770 | D        | Killed a gargoyle
   771 | D        | Reached skill level 15 in Axes
   772 | D        | Killed a cyclops
   773 | D        | Reached skill level 10 in Dodging
   773 | D        | Reached XP level 9. HP: 51/89 MP: 8/8
   773 | D        | Killed a manticore
   774 | D        | Reached skill level 16 in Axes
   786 | D        | Killed a deep elf pyromancer
  1073 | D        | Noticed a cane toad
  1073 | D        | Noticed a komodo dragon
  1073 | D        | Noticed a catoblepas
  1073 | D        | Noticed a cane toad
  1075 | D        | Killed a cane toad
  1076 | D        | Reached skill level 17 in Axes
  1083 | D        | Killed a catoblepas
  1086 | D        | Killed a komodo dragon
  1087 | D        | Reached XP level 10. HP: 101/101 MP: 9/9
  1089 | D        | Killed a cane toad
  1089 | D        | Reached ****** piety under Trog
  1090 | D        | Reached skill level 18 in Axes
  1098 | D        | Received a gift from Trog
  1213 | D        | Noticed a death yak
  1213 | D        | Noticed a cane toad
  1213 | D        | Noticed a five-headed hydra
  1213 | D        | Noticed a black mamba
  1217 | D        | Killed a death yak
  1220 | D        | Killed a two-headed hydra
  1221 | D        | Reached skill level 19 in Axes
  1221 | D        | Killed a cane toad
  1224 | D        | Noticed a seven-headed hydra
  1230 | D        | Killed a black mamba
  1238 | D        | Killed a five-headed hydra
  1244 | D        | Received a gift from Trog
  1245 | D        | Reached skill level 20 in Axes
  1245 | D        | Reached XP level 11. HP: 70/111 MP: 10/10
  1397 | D        | Reached skill level 15 in Fighting
  1413 | D        | Reached skill level 15 in Armour
  1414 | D        | Received a gift from Trog
  1484 | D        | Noticed Gastronok
  1497 | D        | Killed Gastronok
  1498 | D        | Reached skill level 21 in Axes
  1515 | D        | Noticed Maurice
  1522 | D        | Killed Maurice
  1752 | D        | Noticed Psyche
  1757 | D        | Killed Psyche
  1806 | D        | Identified the +8 broad axe of Anguish {flame, rF+ rN+}
                  | (Trog gifted it to you in the Dungeon)
  1806 | D        | Received a gift from Trog
  1825 | D        | Received a gift from Trog
  1896 | D        | Noticed an orc knight
  1896 | D        | Noticed an orc knight
  1904 | D        | Killed an orc knight
  1913 | D        | Noticed an orc knight
  1914 | D        | Killed an orc knight
  1914 | D        | Received a gift from Trog
  1920 | D        | Noticed an orc knight
  1923 | D        | Killed an orc knight
  1931 | D        | Killed an orc knight
  1932 | D        | Reached skill level 22 in Axes
  1934 | D        | Noticed an orc sorcerer
  1936 | D        | Killed an orc sorcerer
  1937 | D        | Reached skill level 15 in Dodging
  1972 | D        | Received a gift from Trog
  2318 | D        | Found Kietz's Weapon Emporium.
  2318 | D        | Noticed an orc high priest
  2318 | D        | Noticed an orc high priest
  2321 | D        | Noticed an orc high priest
  2323 | D        | Killed an orc high priest
  2325 | D        | Found Davin's Distillery.
  2326 | D        | Noticed a sun demon
  2333 | D        | Killed an orc high priest
  2334 | D        | Found Ariot's Jewellery Emporium.
  2337 | D        | Received a gift from Trog
  2340 | D        | Noticed an orc high priest
  2340 | D        | Gained mutation: Your body sometimes deteriorates upon
                  | taking damage. [a neqoxec]
  2342 | D        | Noticed an orc high priest
  2344 | D        | Noticed a soul eater
  2345 | D        | Noticed a soul eater
  2345 | D        | Killed an orc high priest
  2346 | D        | Reached XP level 12. HP: 58/124 MP: 11/11
  2346 | D        | Found Dimaicos's Antique Armour Shoppe.
  2347 | D        | Noticed an orc high priest
  2353 | D        | Killed from afar by an orc high priest

Illustrated notes

Levels and vault maps discovered:
D:        linesprint [early_d, line_temple, items_1, d_10, items_2, lair_1,
          lair_end, items_3, orc_1, orc_end, items_4, d_15, swamp_1, shoals_1,
          snake_1, spider_1, d_20, vaults_1, items_5, swamp_end, shoals_end,
          snake_end, spider_end, vaults_end, d_27, items_6, zot_1, zot_end,
          crypt_end, forest_end, elf_end, slime_end, tomb_end, abyss_end,
          pan_hell_end]

Skill      XL: |  1  2  3  4  5  6  7  8  9 10 11 |
---------------+----------------------------------+-----
Axes           | 5 7 9 10 12 14 15 17 20 22 | 22.8
Fighting       | 4 5 7 9 10 11 13 14 16 | 16.9
Armour         | 4 6 7 8 10 11 12 14 16 | 16.7
Dodging        | 3 4 5 6 8 9 10 11 13 15 | 15.4

Action                   |  1- 3 |  4- 6 |  7- 9 | 10-12 || total
-------------------------+-------+-------+-------+-------++-------
Melee: Hand axe          |    17 |     5 |       |       ||    22
       Headbutt          |     3 |       |     4 |    29 ||    36
       War axe           |       |    12 |    32 |    10 ||    54
       Battleaxe         |       |       |       |   130 ||   130
       Unarmed           |       |       |       |    16 ||    16
Invok: Berserk           |     1 |     1 |     2 |     7 ||    11
       Brothers in Arms  |       |       |     1 |     3 ||     4
  Use: Scroll            |       |       |       |     1 ||     1
Armor: Animal skin       |     1 |       |       |       ||     1
       Chain mail        |       |     5 |     4 |    30 ||    39
Dodge: Dodged            |     7 |     7 |    15 |    58 ||    87
